Map: Invader LE

Players

lllllllll (Probe) - Winner!

  • Race: Protoss Protoss
  • League: Master
  • Spawn Location: 7:00

Rose (Python)

  • Race: Zerg Zerg
  • League: Grandmaster
  • Spawn Location: 5:00

VOD

Have the link to the VOD?

Description

Time

  • Played on: April 16, 2016, 4:42 a.m.
  • Length: 8:18
Show
View Real Time Build Order
Export as new Build Order

lllllllll Protoss - Winner!

Build Orders: 1 Gate Expand 

Get SALT Encoding   

  12  0:02  Probe (Chrono Boost)  
  13  0:12  Probe (Chrono Boost)  
  14  0:21  Pylon  
  14  0:23  Probe (Chrono Boost)  
  15  0:39  Probe (Chrono Boost)  
  15  0:41  Gateway  
  16  0:48  Assimilator  
  16  0:49  Probe (Chrono Boost)  
  17  1:00  Probe (Chrono Boost)  
  18  1:10  Probe (Chrono Boost)  
  19  1:21  Nexus  
  20  1:25  Probe (Chrono Boost)  
  20  1:35  Cybernetics Core  
  20  1:36  Probe (Chrono Boost)  
  21  1:42  Assimilator  
  21  1:47  Probe (Chrono Boost)  
  21  1:51  Pylon  
  22  1:58  Probe (Chrono Boost)  
  23  2:09  Probe (Chrono Boost)  
  23  2:11  Stalker (Chrono Boost), Warp Gate  
  26  2:21  Probe  
  27  2:32  Probe  
  27  2:33  Probe  
  29  2:37  Twilight Council  
  29  2:39  Adept (Chrono Boost)  
  29  2:43  Probe  
  31  2:45  Probe (Chrono Boost)  
  33  2:55  Probe (Chrono Boost)  
  34  3:03  Adept, Probe (Chrono Boost)  
  37  3:06  Probe (Chrono Boost)  
  38  3:13  Probe (Chrono Boost)  
  38  3:15  Resonating Glaives (Chrono Boost), Probe (Chrono Boost)  
  39  3:24  Gateway  
  39  3:25  Gateway, Probe x2  
  41  3:31  Adept  
  43  3:36  Pylon  
  43  3:37  Probe  
  43  3:40  Probe  
  44  3:43  Pylon  
  45  3:49  Probe  
  45  3:52  Mothership Core  
  48  4:06  Probe  
  48  4:09  Gateway  
  49  4:11  Gateway  
  49  4:12  Probe  
  50  4:17  Adept  
  50  4:19  Adept, Probe, Assimilator  
  50  4:20  Adept  
  50  4:21  Assimilator  
  50  4:22  Probe  
  57  4:31  Probe  
  59  4:33  Probe  
  60  4:44  Adept  
  60  4:45  Nexus  
  62  4:47  Pylon  
  62  4:49  Blink (Chrono Boost)  
  62  4:51  Pylon  
  62  4:59  Forge  
  62  5:05  Adept  
  62  5:06  Adept x2  
  68  5:08  Sentry  
  70  5:16  Probe  
  71  5:22  Gateway x2  
  71  5:23  Sentry  
  71  5:28  Sentry x2  
  77  5:35  Pylon  
  77  5:37  Pylon, Protoss Ground Weapons Level 1 (Chrono Boost)  
  77  6:00  Adept x5  
  77  6:01  Probe x2  
  89  6:08  Probe  
  90  6:13  Probe  
  90  6:14  Probe  
  92  6:18  Probe  
  92  6:24  Adept x5  
  103  6:26  Probe  
  103  6:31  Probe  
  95  6:40  Probe  
  95  6:42  Probe  
  97  6:51  Stalker x6  
  99  6:54  Probe  
  99  6:55  Probe x2  
  99  6:57  Sentry  
  104  7:03  Robotics Facility  
  104  7:07  Probe  
  105  7:15  Pylon  
  105  7:17  Pylon  
  105  7:18  Pylon  
  105  7:20  Adept x2, Pylon  
  109  7:23  Pylon  
  109  7:31  Probe  
  109  7:33  Stalker, Probe x2  
  109  7:34  Stalker  
  116  7:38  Stalker x3  
  122  7:58  Stalker x2  
  130  8:10  Stalker x3  
Show
View Real Time Build Order
Export as new Build Order

Rose Zerg 

Build Orders: Hatch First 

Get SALT Encoding   

  12  0:00  Drone  
  13  0:09  Drone  
  14  0:18  Overlord  
  14  0:23  Extractor, Drone  
  15  0:36  Drone x2  
  17  0:52  Hatchery  
  17  0:54  Drone  
  17  1:08  Spawning Pool  
  17  1:10  Extractor  
  15  1:12  Drone  
  15  1:16  Drone  
  17  1:19  Drone  
  18  1:27  Drone  
  19  1:42  Overlord  
  19  1:56  Zergling x2, Queen  
  22  2:01  Drone  
  22  2:04  Queen  
  22  2:05  Drone  
  26  2:10  Drone  
  26  2:11  Metabolic Boost  
  27  2:24  Drone x2  
  29  2:35  Hatchery  
  28  2:38  Overlord  
  28  2:43  Drone x2  
  30  2:49  Overlord  
  30  2:51  Drone  
  31  2:57  Queen  
  33  2:59  Drone  
  33  3:00  Drone  
  35  3:06  Drone  
  36  3:17  Drone x4  
  36  3:18  Overlord, Drone x2  
  42  3:24  Overlord  
  42  3:39  Extractor  
  42  3:41  Zergling x4  
  42  3:42  Overlord  
  43  3:52  Drone x2  
  43  3:54  Drone  
  43  3:55  Overlord, Drone  
  46  4:07  Drone  
  46  4:09  Drone x3  
  50  4:10  Overlord  
  50  4:11  Lair  
  50  4:18  Drone x2  
  52  4:28  Extractor  
  51  4:32  Zergling x2  
  51  4:33  Zergling x18  
  51  4:38  Zergling x6  
  63  4:40  Zergling x4  
  65  4:47  Evolution Chamber  
  65  4:49  Overlord  
  65  4:51  Drone x2  
  65  4:52  Drone x2  
  68  4:58  Drone x3  
  71  5:01  Drone  
  71  5:02  Overlord, Drone  
  73  5:11  Hydralisk Den  
  72  5:17  Zergling x16  
  79  5:29  Drone, Zerg Missile Weapons Level 1  
  79  5:32  Overlord, Extractor, Drone  
  79  5:33  Extractor  
  79  5:49  Queen  
  81  5:50  Drone x3  
  81  5:56  Hydralisk x5  
  81  5:57  Hydralisk x3  
  81  6:00  Hydralisk x2  
  81  6:01  Hydralisk  
  99  6:13  Hydralisk  
  99  6:14  Hydralisk x2  
  99  6:15  Zergling x6  
  107  6:30  Extractor  
  107  6:31  Hydralisk x3  
  107  6:32  Zergling x2  
  105  6:45  Muscular Augments  
  102  6:49  Hydralisk  
  102  6:50  Hydralisk, Zergling x4  
  102  6:51  Zergling x8  
  102  6:54  Overlord x2  
  112  7:01  Hatchery  
  112  7:04  Overlord  
  111  7:10  Overseer  
  111  7:18  Hydralisk x2  
  111  7:19  Zergling x2  
  115  7:28  Hydralisk  
  115  7:29  Zergling x2  
  118  7:40  Hydralisk x3, Zergling x4  
  122  7:50  Hydralisk, Zergling x2  
Tags
 
Add a new tag
Caveats
  • Supply blocks, unpowered buildings, or Contaminate may cause inaccurate times.
  • Supply counts are checked every 10 seconds.